 Dungeon Crawl Stone Soup version 0.22-a0-412-g2b68d144a4 (webtiles) character file.

23382 Kriby the Grappler (level 12, -2/123 HPs)
             Began as a Troll Monk on May 12, 2018.
             Slain by a seven-headed hydra (11 damage)
             ... on level 3 of the Lair of Beasts.
             The game lasted 00:10:23 (8928 turns).

Kriby the Grappler (Troll Monk)                     Turns: 8928, Time: 00:10:24

Health: -2/123     AC: 10    Str: 37    XL:     12   Next: 71%
Magic:  0/20       EV: 11    Int:  6    God:
Gold:   977        SH: 17    Dex: 12    Spells: 11/11 levels left

rFire    . . .     SeeInvis .     - Unarmed
rCold    . . .     Gourm    +   u - +0 large shield
rNeg     . . .     Faith    .   q - +1 steam dragon scales
rPois    .         Spirit   +   G - +1 hat
rElec    .         Reflect  .   g - scarf {Spirit}
rCorr    .         Harm     .   (gloves unavailable)
MR       .....                  (boots unavailable)
Stlth    ++........             f - amulet of rage
HPRegen  0.70/turn              k - ring of magical power
MPRegen  0.17/turn              s - +6 ring of strength

@: mighty
A: large, unfitting armour, claws 3, fast metabolism 3, gourmand, regeneration
1, shaggy fur 1, tough skin 2
a: Evoke Berserk Rage


You were on level 3 of the Lair of Beasts.
You were completely stuffed.

You visited 2 branches of the dungeon, and saw 11 of its levels.

You collected 977 gold pieces.

Inventory:

Armour
 a - a +0 robe
 g - a scarf of spirit shield (worn)
 p - a +1 cloak
 q - +1 steam dragon scales (worn)
 t - a +1 hat
 u - a +0 large shield (worn)
 G - a +1 hat (worn)
Jewellery
 f - an amulet of rage (around neck)
 k - a ring of magical power (left claw)
 s - a +6 ring of strength (right claw)
 v - an uncursed amulet of regeneration {unknown}
 x - a +3 ring of intelligence
Wands
 c - a wand of disintegration (28)
 m - a wand of flame (27)
 y - a wand of digging (14)
Scrolls
 d - 7 scrolls of remove curse
 l - 2 scrolls of teleportation
 n - a scroll of brand weapon {unknown}
 o - a scroll of vulnerability {unknown}
 r - a scroll of immolation {unknown}
 C - 3 scrolls of identify
 I - a scroll of summoning {unknown}
Potions
 e - 2 potions of lignification
 h - a potion of ambrosia
 i - a potion of brilliance
 j - 2 potions of flight
 w - a potion of agility
 z - 6 potions of curing {unknown}
 A - 2 potions of haste
 B - 2 potions of mutation {unknown}
 D - a potion of magic {unknown}
Comestibles
 b - 15 rations
 H - 4 chunks of flesh


   Skills:
 + Level 9.2 Fighting
 + Level 9.3 Dodging
 - Level 1.0 Stealth
 * Level 4.5 Shields
 * Level 14.5 Unarmed Combat


You had 11 spell levels left.
You didn't know any spells.
Your spell library contained the following spells:

 Spells                   Type           Power        Failure   Level  Hunger
 Animate Dead             Necr           N/A          100%        4    #####..
 Pain                     Necr           #...         99%         1    ##.....
 Animate Skeleton         Necr           N/A          99%         1    ##.....
 Vampiric Draining        Necr           #.........   100%        3    ####...
 Regeneration             Chrm/Necr      #.........   100%        3    ####...
 Shroud of Golubria       Chrm/Tloc      #.........   100%        2    ###....
 Infusion                 Chrm           #...         99%         1    ##.....
 Song of Slaying          Chrm           #.......     100%        2    ###....
 Spectral Weapon          Hex/Chrm       #.......     100%        3    ####...


Dungeon Overview and Level Annotations

Branches:
Dungeon (10/15)              Lair (3/6) D:10         Shoals (0/4) Lair:2
 Spider (0/4) Lair:2
 Temple: D:4-7          Orc: D:9-12

Altars:
Dithmenos
Gozag
Qazlal
Ru
Trog
Lugonu

Annotations:
D:9 1 transporter


Innate Abilities, Weirdness & Mutations

You are too large for most types of armour.
You have claws for hands.
Your metabolism is lightning-fast.
You like to eat raw meat.
Your natural rate of healing is unusually fast.
You are covered in fur. (AC +1)
You have very tough skin. (AC +2)


Message History

The six-headed hydra bites you!
* * * LOW HITPOINT WARNING * * *
The six-headed hydra bites you.
* * * LOW HITPOINT WARNING * * *
The six-headed hydra bites you but does no damage.
The six-headed hydra barely misses you.
The six-headed hydra bites you but does no damage.
You tear one of the six-headed hydra's heads off!
The five-headed hydra grows two more!
You mangle the seven-headed hydra!!
The seven-headed hydra is severely wounded.
The blink frog hits you!
* * * LOW HITPOINT WARNING * * *
The blink frog blinks!
The seven-headed hydra bites you.
* * * LOW HITPOINT WARNING * * *
You block the seven-headed hydra's attack.
The seven-headed hydra bites you.
* * * LOW HITPOINT WARNING * * *
You block the seven-headed hydra's attack.
The seven-headed hydra bites you!
You die...

.###.#..#.##.#..#.#..#
....#.....##.##......#
.........###.###..####
..........##.###...#
.....#.....#..###.##
..##......[F.## #F.#
..###.....#..## #.##
.###..##....P.###.#
......##....§FFD@F##
.....####...######.#
###.## #..## ### #.#
#..# #.# ####.##
##.###..#..##
#.........#.#
###.######.## ### ###


You could see a seven-headed hydra and 4 blink frogs.

Vanquished Creatures
  Gastronok (Lair:2)
  Erica (D:8)
  The ghost of YoungGLord the Cleaver, a novice MiFi of Trog (D:8)
  2 centaur warriors (D:10)
  A two-headed ogre (D:8)
  Sonja (Lair:3)
  An unseen horror (D:10)
  A deep elf mage (D:10)
  Joseph (D:9)
  2 merfolk sirens (Lair:2)
  A centaur zombie (D:10)
  Psyche (D:10)
  A gargoyle (D:10)
  A centaur skeleton (D:10)
  2 spiny frogs
  3 komodo dragons
  A troll (D:10)
  A jumping spider (Lair:2)
  2 merfolk (Lair:2)
  A jumping spider (shapeshifter) (D:10)
  5 blink frogs (Lair:2)
  3 hippogriffs
  A wraith (D:10)
  A spriggan (shapeshifter) (D:10)
  2 wyverns
  2 basilisks
  26 yaks
  A steam dragon (D:10)
  5 water moccasins
  4 porcupines
  An orc warrior (D:8)
  7 ice beasts
  A sky beast (D:5)
  An eye of draining (D:10)
  2 centaurs
  3 phantoms
  3 ogres
  The ghost of schwarznadel the Conjurer, an amateur DgCj (D:3)
  6 wolves (Lair:2)
  7 crocodiles
  2 big kobolds
  Blork the orc (D:5)
  11 bullfrogs
  A scorpion (D:5)
  8 wights
  3 howler monkeys (D:9)
  5 crimson imps
  2 quasits
  4 hounds
  2 jellies
  4 orc priests
  9 orc wizards
  A bullfrog skeleton (D:10)
  7 worker ants
  4 iguanas
  2 worker ant zombies
  5 adders
  A gnoll (D:3)
  2 shadow imps
  An ooze (D:4)
  An adder skeleton (D:4)
  2 dart slugs
  4 leopard geckos
  22 orcs
  3 giant cockroaches
  3 goblins (D:1)
  8 hobgoblins
  6 jackals
  11 kobolds
  3 quokkas
  2 ball pythons
  3 bats
  3 frilled lizards
  5 rats
259 creatures vanquished.

Vanquished Creatures (others)
  2 fungi (Lair:3)
2 creatures vanquished.

Grand Total: 261 creatures vanquished

Notes
Turn   | Place    | Note
-------+----------+-------------------------------------------
     0 | D:1      | Kriby the Troll Monk began the quest for the Orb.
     0 | D:1      | Reached XP level 1. HP: 22/22 MP: 0/0
   127 | D:1      | Reached XP level 2. HP: 24/29 MP: 1/1
   457 | D:2      | Reached XP level 3. HP: 25/36 MP: 2/2
   466 | D:2      | Reached skill level 4 in Unarmed Combat
   475 | D:2      | Reached XP level 4. HP: 28/44 MP: 3/3
   707 | D:3      | Found a shadowy altar of Dithmenos.
   964 | D:3      | Reached XP level 5. HP: 36/53 MP: 4/4
  1290 | D:3      | Noticed schwarznadel's ghost (amateur DgCj)
  1300 | D:3      | Killed schwarznadel's ghost
  1300 | D:3      | Reached skill level 5 in Unarmed Combat
  1513 | D:4      | Noticed a phantom
  1531 | D:4      | Killed a phantom
  1531 | D:4      | Reached XP level 6. HP: 56/61 MP: 5/5
  1844 | D:4      | Reached skill level 6 in Unarmed Combat
  2200 | D:5      | Entered Level 5 of the Dungeon
  2211 | D:5      | Reached XP level 7. HP: 46/68 MP: 6/6
  2351 | D:5      | Reached skill level 7 in Unarmed Combat
  2437 | D:5      | Noticed Blork the orc
  2445 | D:5      | Killed Blork the orc
  2455 | D:5      | Reached XP level 8. HP: 46/79 MP: 7/7
  2637 | D:5      | Found a stormy altar of Qazlal.
  2738 | D:5      | You fall through a shaft for 3 floors!
  2765 | D:8      | Found a sacrificial altar of Ru.
  2836 | D:8      | Reached skill level 8 in Unarmed Combat
  2840 | D:8      | Reached skill level 5 in Fighting
  2840 | D:8      | Reached skill level 5 in Dodging
  2935 | D:8      | Noticed Erica
  2947 | D:9      | Found an opulent altar of Gozag.
  3019 | D:9      | Noticed a hippogriff
  3033 | D:9      | Found a corrupted altar of Lugonu.
  3033 | D:9      | Found a transporter.
  3033 | D:9      | Noticed a brown ugly thing
  3033 | D:9      | Noticed a green ugly thing
  3034 | D:9      | Noticed a brown ugly thing
  3276 | D:9      | Reached XP level 9. HP: 83/88 MP: 8/8
  3319 | D:9      | Reached skill level 9 in Unarmed Combat
  3337 | D:9      | Found a bloodstained altar of Trog.
  3535 | D:9      | Noticed Joseph
  3546 | D:9      | Killed Joseph
  3652 | D:9      | Reached skill level 10 in Unarmed Combat
  4065 | D:10     | Entered Level 10 of the Dungeon
  4180 | D:10     | Noticed a centaur warrior
  4193 | D:10     | Killed a centaur warrior
  4193 | D:10     | Reached XP level 10. HP: 49/100 MP: 8/9
  4199 | D:10     | Noticed a centaur warrior
  4208 | D:10     | Killed a centaur warrior
  4208 | D:10     | Reached skill level 11 in Unarmed Combat
  4434 | D:10     | Noticed a deep elf mage
  4742 | D:8      | Killed Erica
  5000 | D:8      | Noticed a two-headed ogre
  5005 | D:8      | Killed a two-headed ogre
  5015 | D:8      | Noticed YoungGLord's ghost (novice MiFi)
  5025 | D:8      | Reached skill level 12 in Unarmed Combat
  5036 | D:8      | Killed YoungGLord's ghost
  5036 | D:8      | Reached XP level 11. HP: 26/109 MP: 5/10
  5554 | D:10     | Noticed Psyche
  5582 | D:10     | Killed a deep elf mage
  5829 | D:10     | Killed Psyche
  5840 | D:10     | Reached skill level 13 in Unarmed Combat
  6085 | D:10     | Found a staircase to the Lair.
  6159 | D:10     | Killed an unseen horror
  6507 | Lair:1   | Entered Level 1 of the Lair of Beasts
  7287 | Lair:2   | Reached skill level 1 in Shields
  7352 | Lair:2   | Noticed Gastronok
  7364 | Lair:2   | Killed Gastronok
  7364 | Lair:2   | Reached XP level 12. HP: 117/122 MP: 11/11
  7478 | Lair:2   | Reached skill level 14 in Unarmed Combat
  7718 | Lair:2   | Found a hole to the Spider Nest.
  8184 | Lair:2   | Found a staircase to the Shoals.
  8550 | Lair:3   | Noticed Sonja
  8561 | Lair:3   | Killed Sonja
  8899 | Lair:3   | Noticed a five-headed hydra
  8928 | Lair:3   | Slain by a seven-headed hydra

Vault maps used:
D:1:      lightli_arrival_quake, serial_bayou_pond_c
D:2:      grunt_temple_overflow_diamond, serial_forest,
          infiniplex_forest_lined_4_way, infiniplex_forest_join,
          infiniplex_forest_clump_double, infiniplex_forest_zigzag_1,
          infiniplex_forest_lined_3, infiniplex_forest_lined_ring,
          infiniplex_forest_lined_corner, infiniplex_forest_split, first_ration
D:3:      lemuel_round_altar
D:4:      roderic_serpentine_path
D:5:      basic_altar, doesnt_xom_only_xom, uniq_crazy_yiuf_cottage,
          uniq_blork_the_orc
D:8:      lemuel_crystal_altar, uniq_erica
D:9:      gammafunk_corrupted_shrine, nicolae_gozag_seed_capital,
          lemuel_round_altar, uniq_joseph
D:10:     hangedman_cross_cluster, uniq_psyche
Lair:1:   grunt_megastairs_3
Lair:2:   elwin_shoals_entry_stream, spider_nest_entry_rubble,
          grunt_megastairs_2, uniq_gastronok
Lair:3:   serial_bayou_shore_b, uniq_harold, uniq_sonja

Skill      XL: |  1  2  3  4  5  6  7  8  9 10 11 12 |
---------------+-------------------------------------+-----
Unarmed Combat | 4 5 6 7 8 10 12 13 14 | 14.5
Dodging        | 3 4 5 6 7 8 9 |  9.3
Fighting       | 3 4 5 6 7 8 9 |  9.2
Shields        | 2 4 |  4.5
Stealth        | |  1.0

Action                   |  1- 3 |  4- 6 |  7- 9 | 10-12 || total
-------------------------+-------+-------+-------+-------++-------
Melee: Unarmed           |    60 |   101 |   200 |   444 ||   805
       Punch             |       |     2 |     8 |    17 ||    27
Evoke: Wand              |       |       |       |    12 ||    12
  Use: Potion            |       |     1 |     1 |     4 ||     6
       Scroll            |       |       |     9 |     6 ||    15
 Stab: Sleeping          |       |     2 |     2 |       ||     4
  Eat: Chunk             |    10 |    15 |     8 |    51 ||    84
       Ration            |       |       |     1 |       ||     1
Armor: Robe              |    22 |    21 |    84 |    13 ||   140
       Steam dragon scal |       |       |       |    95 ||    95
Dodge: Dodged            |    28 |    58 |   136 |   187 ||   409
Block: Large shield      |       |       |       |   130 ||   130

Table legend:
 A = Spawn XP
 B = Non-spawn XP
 C = Spawn XP percentage of total XP
 D = Spawn monster count
 E = Non-spawn monster count
 F = Spawn count percentage of total count
 G = Total turns spent on level
                    A         B        C        D         E        F      G
               +---------+---------+-------+---------+---------+-------+---------
         Total |       0 |   33404 |   0.0 |       0 |     259 |   0.0 |  8928
               +---------+---------+-------+---------+---------+-------+---------
           D:1 |       0 |      29 |   0.0 |       0 |      16 |   0.0 |   430
           D:2 |       0 |      91 |   0.0 |       0 |      14 |   0.0 |   256
           D:3 |       0 |     236 |   0.0 |       0 |      16 |   0.0 |   820
           D:4 |       0 |     367 |   0.0 |       0 |       9 |   0.0 |   694
           D:5 |       0 |    1050 |   0.0 |       0 |      21 |   0.0 |   538
           D:8 |       0 |    3978 |   0.0 |       0 |      30 |   0.0 |   936
           D:9 |       0 |    2272 |   0.0 |       0 |      30 |   0.0 |  1496
          D:10 |       0 |   10994 |   0.0 |       0 |      65 |   0.0 |  1337
        Lair:1 |       0 |    2085 |   0.0 |       0 |      11 |   0.0 |   765
        Lair:2 |       0 |    9475 |   0.0 |       0 |      36 |   0.0 |  1157
        Lair:3 |       0 |    2827 |   0.0 |       0 |      11 |   0.0 |   499
               +---------+---------+-------+---------+---------+-------+---------
